 Dungeon Crawl Stone Soup version 0.28-a0-773-g130ae17fe5 (webtiles) character file.

Game seed: 7240252116671188273

15 CryoSword the Stinger (level 2, 0/23 HPs)
             Began as a Gnoll Wanderer on Sept 16, 2021.
             Was a Follower of Yredelemnul.
             Slain by a hound (3 damage)
             ... on level 2 of the Dungeon on Nov 2, 2021.
             The game lasted 00:07:45 (1008 turns).

CryoSword the Stinger (Gnoll Wanderer)              Turns: 1008, Time: 00:07:45

Health: 0/23       AC:  2    Str: 11    XL:     2   Next: 50%
Magic:  2/2        EV: 13    Int: 10    God:    Yredelemnul [*.....]
Gold:   99         SH:  0    Dex: 12    Spells: 1/1 levels left

rFire   . . .      SeeInvis .   a - +0 dagger (drain)
rCold   . . .      Faith    .   (no shield)
rNeg    . . .      Spirit   .   b - +0 robe
rPois   .          Reflect  .   (no helmet)
rElec   .          Harm     .   (no cloak)
rCorr   .          Rampage  .   (no gloves)
Will    .....                   (no boots)
Stlth   ++........              (no amulet)
HPRegen 0.07/turn               (no ring)
MPRegen 0.08/turn               (no ring)

@: no status effects
A: fangs 1, strong nose, distributed training
a: Renounce Religion, Animate Remains


You were on level 2 of the Dungeon.
You worshipped Yredelemnul.
Yredelemnul was aware of your devotion.
You visited 1 branch of the dungeon, and saw 2 of its levels.

You collected 99 gold pieces.

Inventory:

Hand Weapons
 a - a +0 dagger of draining (weapon)
   (You took it off a goblin on level 1 of the Dungeon)
Armour
 b - a +0 robe (worn)
Scrolls
 c - a scroll of magic mapping {unknown}


   Skills:
 + Level 2.5 Fighting
 + Level 0.4 Short Blades
 + Level 0.4 Long Blades
 + Level 0.4 Axes
 + Level 0.4 Maces & Flails
 + Level 0.4 Polearms
 + Level 0.4 Staves
 + Level 0.4 Slings
 + Level 0.4 Bows
 + Level 0.4 Crossbows
 + Level 2.5 Throwing
 + Level 0.4 Armour
 + Level 4.5 Dodging
 + Level 2.2 Stealth
 + Level 0.4 Shields
 + Level 0.4 Unarmed Combat
 + Level 0.4 Spellcasting
 + Level 0.2 Conjurations
 + Level 3.7 Hexes
 + Level 0.2 Summonings
 + Level 0.2 Necromancy
 + Level 0.2 Translocations
 + Level 0.2 Transmutations
 + Level 0.2 Fire Magic
 + Level 0.2 Ice Magic
 + Level 0.2 Air Magic
 + Level 0.2 Earth Magic
 + Level 5.3 Poison Magic
 + Level 0.5 Invocations
 + Level 0.4 Evocations


You had one spell level left.
You didn't know any spells.
Your spell library contained the following spells:

 Spells                   Type           Power      Damage    Failure   Level
 Sting                    Tmut/Pois      20%        1d4       12%         1
 Animate Skeleton         Necr           0%         N/A       32%         1
 Foxfire                  Conj/Fire      0%         2x1d4     32%         1
 Pain                     Necr           0%         1d4       32%         1
 Poisonous Vapours        Pois/Air       10%        N/A       17%         2
 Ensorcelled Hibernation  Hex/Ice        8%         N/A       24%         2
 Tukima's Dance           Hex            7%         N/A       24%         3
 Olgreb's Toxic Radiance  Pois           10%        N/A       38%         4
 Mephitic Cloud           Conj/Pois/Air  4%         N/A       43%         3
 Conjure Flame            Conj/Fire      0%         6-21      69%         3
 Vampiric Draining        Necr           0%         2d6       69%         3


Dungeon Overview and Level Annotations

Branches:
Dungeon (2/15)

Altars:
Yredelemnul

Shops:
D:1 !


Innate Abilities, Weirdness & Mutations

You have very sharp teeth.
Your uncanny sense of smell can sniff out nearby items.
Your experience applies equally to all skills.


Message History

You puncture the frilled lizard!
You kill the frilled lizard!
Yredelemnul accepts your kill.
No target in view!
You see here a frilled lizard corpse.
A frilled lizard and a rat come into view.
There are monsters nearby!
There are monsters nearby!
The frilled lizard closely misses you.
You hit the frilled lizard.
You kill the frilled lizard!
Yredelemnul accepts your kill. The rat bites you.
You hit the rat.
You kill the rat!
Yredelemnul accepts your kill.
No target in view!
A giant cockroach comes into view.
A giant cockroach is nearby!
A giant cockroach is nearby!
You barely miss the giant cockroach. The giant cockroach misses you.
The giant cockroach closely misses you.
You barely miss the giant cockroach.
The giant cockroach waves its antennae.
The giant cockroach bites you but does no damage.
You hit the giant cockroach but do no damage.
You bite the giant cockroach.
The giant cockroach completely misses you.
You closely miss the giant cockroach. The giant cockroach closely misses you.
You hit the giant cockroach. You drain the giant cockroach.
You kill the giant cockroach!
Yredelemnul accepts your kill.
No target in view!
Okay, then.
You now have 60 gold pieces (gained 9).
You now have 68 gold pieces (gained 8).
You see here a rat corpse.
A hobgoblin comes into view.
The helpless hobgoblin fails to defend itself.
You hit the hobgoblin. The hobgoblin hits you.
You hit the hobgoblin. The hobgoblin closely misses you.
You hit the hobgoblin but do no damage. You drain the hobgoblin.
You kill the hobgoblin!
Yredelemnul accepts your kill.
No target in view!
Okay, then.
You attempt to give life to the dead...
There are no remains here to animate!
You see here a rat corpse.
You attempt to give life to the dead...
The dead are walking!
You see here a frilled lizard corpse.
You don't have enough magic at the moment.
You start resting.
You attempt to give life to the dead...
The dead are walking!
You swap places.
You see here a frilled lizard corpse.
You start resting.
You attempt to give life to the dead...
The dead are walking!
You see here a rat skeleton.
You don't have enough magic at the moment.
You start resting.
You attempt to give life to the dead...
The dead are walking!
Nothing quivered!
You swap places.
You swap places.
You swap places.
You swap places.
There is an escape hatch in the floor here.
Key pressed, stopping explore.
Found a quarterstaff.
Okay, then.
You are a level 2 Gnoll Wanderer.
You are 33% of the way to level 3.
Play time: 00:03:24 (825 turns).
Zot will find you in 5175 turns if you stay in this branch and explore no new floors.
Okay, then.
Okay, then.
Okay, then.
Okay, then.
Okay, then.
You now have 81 gold pieces (gained 13).
Found Teojawn's Distillery.
You pick up a book of Necromancy and begin reading...
You add the spells Pain, Animate Skeleton and Vampiric Draining to your library.
There is an entrance to Teojawn's Distillery here.
Saving game... please wait.
Welcome back, CryoSword the Gnoll Wanderer.
Yredelemnul says: Carry the black torch!
Rouse the idle dead!
Okay, then.
You swap places.
You see here a +0 quarterstaff.
You swap places.
Done exploring.
Done exploring.
No target in view!
You swap places.
You swap places.
You see here a +0 quarterstaff.
There is a stone staircase leading down here.
You climb downwards.
There is a stone staircase leading up here.
Found a stone staircase leading down.
Found a plate armour.
You now have 89 gold pieces (gained 8).
You now have 99 gold pieces (gained 10).
Found a robe.
Found a stone staircase leading down.
A dart slug comes into view.
A dart slug is nearby!
A dart slug is nearby!
A worm comes into view.
Found a white potion.
The helpless dart slug fails to defend itself.
You puncture the dart slug! You drain the dart slug.
You kill the dart slug!
Yredelemnul accepts your kill.
You attempt to give life to the dead...
There are no remains here to animate!
You hit the worm but do no damage. You drain the worm. The worm bites you.
You hit the worm. You drain the worm. You barely miss the worm.
The worm barely misses you.
You hit the worm. You hit the worm. Your punch misses the worm.
Your bite misses the worm. The worm barely misses you.
You hit the worm but do no damage. The worm closely misses you.
You barely miss the worm. You bite the worm, but do no damage.
You hit the worm. You drain the worm. The worm bites you.
You hit the worm.
A hound comes into view.
The hound barks!
You hit the worm. The worm bites you.
You hit the worm. The hound closely misses you. The worm bites you.
You are too injured to fight recklessly!
The hound barely misses you. The hound bites you. The hound misses you.
The hound pauses to sniff the ground.
You miss the hound. The hound bites you.
The hound stops to sniff the ground.
The hound bites you but does no damage.
You hit the hound. The hound closely misses you.
You hit the hound. The hound bites you.
* * * LOW HITPOINT WARNING * * *
The hound barely misses you.
You hit the hound. You drain the hound. The hound bites you.
* * * LOW HITPOINT WARNING * * *
The hound bites you but does no damage.
You hit the hound. The hound closely misses you. The hound misses you.
You hit the hound. The hound bites you but does no damage.
You hit the hound but do no damage. The hound bites you.
* * * LOW HITPOINT WARNING * * *
The hound bites you.
You die...
Your body rises from the dead as a mindless zombie.

#..#######
#######.##....# ####
............[.###......
.............>.........
.#####........###.#####
#.#......# ....
#.##.....# .###
#.##...#.# #@##...#.#
#h##...#.#
#####w##...#.#
...#.##...#. #####.#.#
.... ........##...#!
#######.#........ ###
.............#.#. ...
#.......†........ ...


You could see a worm (drained) and a hound (drained).

Vanquished Creatures
  A dart slug (D:2)
  A giant cockroach (D:1)
  2 goblins (D:1)
  A hobgoblin (D:1)
  A quokka (D:1)
  A ball python (D:1)
  2 bats (D:1)
  3 frilled lizards (D:1)
  2 rats (D:1)
14 creatures vanquished.

Notes
Turn   | Place    | Note
-------+----------+-------------------------------------------
     0 | D:1      | CryoSword the Gnoll Wanderer began the quest for the Orb.
     0 | D:1      | CryoSword set off with the following items: a +0 dagger, a
                  | +0 robe; and the following spells available to memorise:
                  | Sting, Poisonous Vapours, Foxfire, Olgreb's Toxic Radiance,
                  | Mephitic Cloud, Conjure Flame
     0 | D:1      | Reached XP level 1. HP: 17/17 MP: 1/1
   390 | D:1      | Found a faded altar of an unknown god.
   438 | D:1      | Reached XP level 2. HP: 23/23 MP: 2/2
   496 | D:1      | Became a worshipper of Yredelemnul the Dark
   496 | D:1      | Reached * piety under Yredelemnul
   835 | D:1      | Found Teojawn's Distillery.
   842 | D:1      | Upgraded the game from 0.28-a0-475-g7dc2aef8ca to
                  | 0.28-a0-773-g130ae17fe5
  1008 | D:2      | Slain by a hound

Illustrated notes

Levels and vault maps discovered:
D:1:      scummos_arrival_checkerplants, layout_loops_cross,
          shapermc_ecumenical_altar_starsandcircs, serial_shops,
          nicolae_shop_stone
D:2:      layout_basic

Action                   || total
-------------------------++-------
Melee: Dagger            ||    52
       Punch             ||     4
       Bite              ||     1
Invok: Animate Remains   ||     4
 Stab: Sleeping          ||     4
Armor: Robe              ||     9
Dodge: Dodged            ||    31

Table legend: (Time is in decaauts)
 A = Elapsed time spent in this place.
 B = Non-inter-level travel time spent in this place.
 C = Inter-level travel time spent in this place.
 D = Time resting spent in this place.
 E = Time spent auto-exploring this place.
 F = Levels seen in this place.
 G = Mean time per level.
                   A        B        C        D        E       F      G
               +--------+--------+--------+--------+--------+-----+--------+
         Total |   1006 |    994 |     12 |    119 |    704 |   2 |  503.0 |
       Dungeon |   1006 |    994 |     12 |    119 |    704 |   2 |  503.0 |
               +--------+--------+--------+--------+--------+-----+--------+

Top non-repeatable levels by time:
     D:1: 865 daAuts
     D:2: 141 daAuts
